 Dungeon Crawl Stone Soup version 0.28-a0-667-g162e43154e (webtiles) character file.

Game seed: 7764512745698718113

823 Conn the Sneak (level 7, 0/44 HPs)
             Began as an Octopode Fire Elementalist on Oct 17, 2021.
             Shot with an arrow by a centaur (11 damage)
             ... on level 5 of the Dungeon.
             The game lasted 00:09:50 (5459 turns).

Conn the Sneak (Octopode Fire Elementalist)         Turns: 5459, Time: 00:09:50

Health: 0/44       AC:  1    Str:  7      XL:     7   Next: 96%
Magic:  12/12      EV: 13    Int: 18 (20) God:
Gold:   112        SH:  0    Dex: 11 (12) Spells: 4/13 levels left

rFire   . . .      SeeInvis .   r - +3 rapier (elec)
rCold   . . .      Faith    .   (no shield)
rNeg    . . .      Spirit   .   (helmet restricted)
rPois   .          Reflect  .   (no amulet)
rElec   .          Harm     .   g - ring of willpower
rCorr   .          Rampage  .   (no ring)
Will    +....                   (no ring)
Stlth   ++++......              (no ring)
HPRegen 0.14/turn               (no ring)
MPRegen 0.13/turn               (no ring)
                                (no ring)
                                (no ring)

@: no status effects
A: almost no armour, amphibious, 8 rings, camouflage 1, gelatinous body 1,
(nimble swimmer 1), tentacles
a: no special abilities


You were on level 5 of the Dungeon.
You visited 1 branch of the dungeon, and saw 5 of its levels.

You collected 112 gold pieces.

Inventory:

Hand Weapons
 e - a +0 short sword
 q - a +1 dagger of chaos
 r - a +3 rapier of electrocution (weapon)
Missiles
 m - 23 sling bullets
Jewellery
 g - a ring of willpower (left tentacle)
Scrolls
 b - a scroll of amnesia {unknown}
 c - a scroll of blinking
 d - 2 scrolls of enchant armour
 i - a scroll of summoning {unknown}
 k - a scroll of enchant weapon {unknown}
 l - a scroll of teleportation {unknown}
 o - a scroll of magic mapping
 p - 2 scrolls of immolation
Potions
 a - 2 potions of heal wounds {unknown}
 n - a potion of degeneration


   Skills:
 + Level 1.9 Fighting
 + Level 2.5 Short Blades
 + Level 3.1 Dodging
 + Level 6.1 Stealth
 + Level 3.9 Spellcasting
 + Level 2.9 Conjurations
 + Level 0.5 Hexes
 + Level 4.9 Fire Magic


You had 4 spell levels left.
You knew the following spells:

 Your Spells              Type           Power      Damage    Failure   Level
a - Foxfire               Conj/Fire      68%        2x1d7     3%          1
b - Conjure Flame         Conj/Fire      17%        6-21      9%          3
c - Inner Flame           Hex/Fire       13%        N/A       14%         3
e - Scorch                Fire           42%        2d7       3%          2

Your spell library contained the following spells:

 Spells                   Type           Power      Damage    Failure   Level
 Slow                     Hex            5%         N/A       19%         2
 Flame Wave               Conj/Fire      17%        3d5       28%         4
 Confusing Touch          Hex            5%         N/A       34%         3
 Yara's Violent Unravell  Hex/Tmut       2%         3d3       98%         5


Dungeon Overview and Level Annotations

Branches:
Dungeon (5/15)
 Temple: D:4-7

Altars:
Qazlal
Xom

Annotations:
D:2 Sigmund
D:4 Dowan


Innate Abilities, Weirdness & Mutations

You cannot wear most types of armour.
You are amphibious.
You can wear up to eight rings at the same time.
Your skin changes colour to match your surroundings (Stealth+).
Your rubbery body absorbs attacks. (AC +1, EV +1)
((You are camouflaged near water. (Stealth+)))
You have tentacles for arms and can constrict up to eight enemies at once.


Message History

A wyvern zombie comes into view.
The helpless adder fails to defend itself.
You puncture the adder!
You kill the adder!
Your Stealth skill increases to level 6!
Your extra speed is starting to run out.
You feel yourself slow down.
You start resting.
A wyvern zombie is nearby!
There is a stone staircase leading up here.
Casting: Foxfire (safe; 3% risk of failure)
Confirm with . or Enter, or press ? or * to list all spells.
The fire begins to smoulder!
The fire ignites!
The wyvern zombie is engulfed in blazing flames.
The wyvern zombie misses you.
You hit the wyvern zombie.
The wyvern zombie is moderately damaged.
The wyvern zombie is engulfed in blazing flames.
The wyvern zombie barely misses you.
You barely miss the wyvern zombie.
The wyvern zombie is heavily damaged.
The wyvern zombie is engulfed in blazing flames.
The wyvern zombie closely misses you.
You puncture the wyvern zombie!
The wyvern zombie is almost destroyed.
The wyvern zombie is engulfed in blazing flames.
You destroy the wyvern zombie!
You feel your strength returning.
Magic restored.
There is a stone staircase leading up here.
Found 25 bolts.
b - a scroll labelled HARECV ROEZAPTO A centaur comes into view.
The centaur wields a +0 shortbow.
The centaur shoots an arrow.
The arrow hits you!
The centaur shoots an arrow.
The arrow hits you!
The centaur shoots an arrow.
The arrow hits you!
* * * LOW HITPOINT WARNING * * *
The centaur shoots an arrow.
The arrow hits you!
You die...

#..# #.........#
#..#########.....c...#
#..<......##.........###
#.#######...............
#.#######(# #.#.........
#.........# #.##.#...###
#########.# #.##.# ..#
#.###.##.# ...
#......@.# ###
#####.#### #... #####


You could see a centaur.

Vanquished Creatures
  Eustachio (D:4)
  Duvessa (D:4)
  A necrophage (D:4)
  A centaur (D:4)
  A scorpion (D:3)
  A wyvern zombie (D:5)
  A howler monkey (D:5)
  A bullfrog zombie (D:5)
  Crazy Yiuf (D:3)
  A jelly (D:4)
  Natasha (D:2)
  2 iguanas (D:4)
  A howler monkey skeleton (D:4)
  3 adders
  2 worms
  A dart slug (D:1)
  2 orcs (D:3)
  8 ball pythons
  3 endoplasms
  2 hobgoblins
  2 jackals (D:1)
  A quokka (D:2)
  2 bats
  A frilled lizard (D:1)
  8 goblins
  7 kobolds
  4 rats
60 creatures vanquished.

Vanquished Creatures (others)
  168 foxfires
168 creatures vanquished.

Grand Total: 228 creatures vanquished

Notes
Turn   | Place    | Note
-------+----------+-------------------------------------------
     0 | D:1      | Conn the Octopode Fire Elementalist began the quest for the
                  | Orb.
     0 | D:1      | Reached XP level 1. HP: 11/11 MP: 3/3
   179 | D:1      | Noticed a floating eye
   180 | D:1      | Found a faded altar of an unknown god.
   239 | D:1      | Noticed a great orb of eyes
   245 | D:1      | Noticed an eye of devastation
   255 | D:1      | Noticed a great orb of eyes
   415 | D:1      | Reached XP level 2. HP: 17/17 MP: 0/5
  1287 | D:2      | Reached skill level 3 in Stealth
  1287 | D:2      | Reached XP level 3. HP: 21/21 MP: 0/6
  1377 | D:2      | Noticed Sigmund
  1384 | D:2      | Learned a level 3 spell: Conjure Flame
  1945 | D:2      | Noticed Natasha
  1953 | D:2      | Killed Natasha
  1954 | D:2      | Reached skill level 4 in Stealth
  1954 | D:2      | Reached XP level 4. HP: 22/27 MP: 4/7
  2602 | D:3      | Noticed a scorpion
  2612 | D:3      | Killed a scorpion
  2613 | D:3      | Reached skill level 1 in Short Blades
  2613 | D:3      | Reached XP level 5. HP: 6/32 MP: 1/8
  2894 | D:3      | Found a stormy altar of Qazlal.
  3530 | D:3      | Found a shimmering altar of Xom.
  3751 | D:3      | Found a runed translucent door.
  3752 | D:3      | Noticed Crazy Yiuf
  3765 | D:3      | Learned a level 3 spell: Inner Flame
  3768 | D:3      | Learned a level 2 spell: Scorch
  3799 | D:3      | Killed Crazy Yiuf
  3800 | D:3      | Reached skill level 5 in Stealth
  4295 | D:4      | Noticed Dowan
  4296 | D:4      | Noticed Duvessa
  4358 | D:4      | Noticed Eustachio
  4369 | D:4      | Killed Eustachio
  4370 | D:4      | Reached XP level 6. HP: 31/37 MP: 3/10
  4491 | D:4      | Noticed a necrophage
  4498 | D:4      | Killed a necrophage
  4571 | D:4      | Reached skill level 1 in Fighting
  4571 | D:4      | Reached XP level 7. HP: 26/43 MP: 1/12
  4825 | D:5      | Entered Level 5 of the Dungeon
  5298 | D:4      | Killed Duvessa
  5333 | D:5      | Reached skill level 6 in Stealth
  5459 | D:5      | Shot with an arrow by a centaur

Illustrated notes

Levels and vault maps discovered:
D:1:      tarquinn_simple_flora_water_c, layout_basic,
          hellmonk_ecumenical_altar_watching_god
D:2:      layout_basic, uniq_sigmund, uniq_natasha
D:3:      layout_loops_ring, mainiacjoe_overflow_alcove_4, tgw_xom,
          uniq_crazy_yiuf_cottage
D:4:      kennysheep_big_flooded_room, layout_basic, uniq_duvessa,
          uniq_eustachio
D:5:      layout_loops_ring, minmay_temple_entry_glassed_door,
          minmay_misc_feat_ornament

Skill      XL: |  1  2  3  4  5  6  7 |
---------------+----------------------+-----
Stealth        | 3 4 5 6 |  6.1
Short Blades   | 1 2 |  2.5
Spellcasting   | 3 |  3.9
Conjurations   | 2 |  2.9
Fire Magic     | 4 |  4.9
Fighting       | 1 |  1.9
Dodging        | 3 |  3.1
Hexes          | |  0.5

Action                   |  1- 3 |  4- 6 |  7- 9 || total
-------------------------+-------+-------+-------++-------
Melee: Short sword       |    31 |    19 |       ||    50
       Constrict         |     6 |     7 |     4 ||    17
       Tentacles         |     2 |     3 |     1 ||     6
       Dagger            |       |     2 |       ||     2
       Rapier            |       |     6 |    14 ||    20
 Cast: Foxfire           |    31 |    49 |    22 ||   102
       Inner Flame       |       |     2 |     3 ||     5
       Conjure Flame     |       |     1 |     2 ||     3
       Scorch            |       |     2 |     1 ||     3
  Use: Potion            |       |     5 |     1 ||     6
       Scroll            |       |       |     5 ||     5
 Stab: Sleeping          |     6 |     4 |     3 ||    13
Armor: Skin              |     5 |    13 |       ||    18
Dodge: Dodged            |    20 |    24 |     9 ||    53

Table legend: (Time is in decaauts)
 A = Elapsed time spent in this place.
 B = Non-inter-level travel time spent in this place.
 C = Inter-level travel time spent in this place.
 D = Time resting spent in this place.
 E = Time spent auto-exploring this place.
 F = Levels seen in this place.
 G = Mean time per level.
                   A        B        C        D        E       F      G
               +--------+--------+--------+--------+--------+-----+--------+
         Total |   5452 |   5345 |    107 |    501 |   3853 |   5 | 1090.4 |
       Dungeon |   5452 |   5345 |    107 |    501 |   3853 |   5 | 1090.4 |
               +--------+--------+--------+--------+--------+-----+--------+

Top non-repeatable levels by time:
     D:3: 1678 daAuts
     D:2: 1431 daAuts
     D:1: 1090 daAuts
     D:4: 875 daAuts
     D:5: 375 daAuts
